 Dungeon Crawl Stone Soup version 0.23.2-1-ga50397a (webtiles) character file.

Game seed: 10810412955917556922

1482 Gazerockf the Skirmisher (level 9, -8/74 HPs)
             Began as a Human Fighter on May 23, 2019.
             Was a Believer of Okawaru.
             Mangled by Prince Ribbit (20 damage)
             ... on level 7 of the Dungeon.
             The game lasted 00:19:02 (7046 turns).

Gazerockf the Skirmisher (Human Fighter)            Turns: 7046, Time: 00:19:03

Health: -8/74      AC:  6    Str: 24    XL:     9   Next: 7%
Magic:  9/9        EV:  9    Int: 12    God:    Okawaru [**....]
Gold:   451        SH: 11    Dex: 12    Spells: 8/8 levels left

rFire    . . .     SeeInvis .   a - +1 long sword
rCold    . . .     Gourm    .   c - +0 shield
rNeg     + . .     Faith    .   v - +1 robe of Makuo {Str+4 Int+3}
rPois    .         Spirit   .   k - +1 helmet
rElec    .         Reflect  .   (no cloak)
rCorr    .         Harm     +   m - +0 pair of gloves
MR       .....                  (no boots)
Stlth    ++........             o - amulet of harm
HPRegen  0.22/turn              g - ring of positive energy
MPRegen  0.11/turn              (no ring)

@: no status effects
A: no striking features
a: Heroism, Renounce Religion


You were on level 7 of the Dungeon.
You worshipped Okawaru.
Okawaru was pleased with you.
You were not hungry.

You visited 1 branch of the dungeon, and saw 7 of its levels.

You collected 451 gold pieces.

Inventory:

Hand Weapons
 a - a +1 long sword (weapon)
 d - a +4 halberd of chopping
 j - a +0 falchion
 n - a +0 hand axe of electrocution
 y - a +2 dagger of electrocution
 B - a +0 rapier
Armour
 b - a +0 scale mail
 c - a +0 shield (worn)
 e - the +1 robe of Dishonour {Str+4}
   (You found it on level 5 of the Dungeon)

   It affects your strength (+4).
 k - a +1 helmet (worn)
 m - a +0 pair of gloves (worn)
 v - the +1 robe of Makuo (worn) {Str+4 Int+3}
   (You found it on level 5 of the Dungeon)

   It affects your strength (+4).
   It affects your intelligence (+3).
 w - the +0 scale mail "Qausif" {-Cast rF+ rC+, unknown}
   (You found it on level 6 of the Dungeon)

   It protects you from fire.
   It protects you from cold.
   It prevents spellcasting.
Jewellery
 g - a ring of positive energy (left hand)
 o - an amulet of harm (around neck)
Wands
 r - a wand of flame (11)
Scrolls
 h - a scroll of teleportation
 i - a scroll of amnesia
 t - 2 scrolls of remove curse
 z - a scroll of blinking
Potions
 l - 2 potions of might
 q - 2 potions of berserk rage {unknown}
 s - a potion of mutation {unknown}
 u - a potion of curing {unknown}
 x - a potion of invisibility {unknown}
 A - a potion of flight {unknown}
Comestibles
 f - 8 rations


   Skills:
 * Level 7.9 Fighting
 + Level 5.6 Long Blades
 - Level 3.0 Armour
 - Level 1.0 Stealth
 + Level 6.2 Shields


You had 8 spell levels left.
You didn't know any spells.
Your spell library was empty.

Dungeon Overview and Level Annotations

Branches:
Dungeon (7/15)             Temple (0/1) D:7

Altars:
Ashenzari
Elyvilon
Gozag
Okawaru
Sif Muna
Trog
Uskayaw
Vehumet
Yredelemnul

Shops:
D:5 %   D:6 (

Annotations:
D:7 Prince Ribbit


Message History

Prince Ribbit blinks!
Prince Ribbit hops awkwardly around.
Prince Ribbit hits you!
You hit Prince Ribbit but do no damage.
Prince Ribbit is lightly wounded.
You block Prince Ribbit's attack.
Prince Ribbit blinks!
Prince Ribbit sighs, "It's not easy being green!"
Prince Ribbit hits you! Prince Ribbit hits you.
You slash Prince Ribbit!
Prince Ribbit is heavily wounded.
You block Prince Ribbit's attack.
You miss Prince Ribbit.
Prince Ribbit is heavily wounded.
Prince Ribbit hits you! x2
* * * LOW HITPOINT WARNING * * *
You are too injured to fight recklessly!
You miss Prince Ribbit.
Prince Ribbit is heavily wounded.
Prince Ribbit hits you!
You die...

#..#.#..#'######
#.#.#
######....#..#.#
#.#.#
....##.#..#..#.#
....##.#..#..#.#
....##.##.#..#.#
######.##..#.#.#+####
..# #.##..#.#...(..#
..# #..............#
..########...##.@F..#
#............##.....#
#'#########.<##.....#
.....# ##>.'.....#
.....# #.##.....#
)....#######.########
.....##......#
#'#####.###### #.#
#.....#


You could see Prince Ribbit.

Vanquished Creatures
  A hungry ghost (D:5)
  Menkaure (D:7)
  An ice beast (D:7)
  A sky beast (D:6)
  An ogre (D:5)
  A centaur (D:7)
  2 bullfrogs
  2 scorpions
  A howler monkey (D:6)
  A crimson imp (D:6)
  3 hounds
  2 orc wizards
  6 worker ants
  A hound skeleton (D:5)
  11 adders
  7 gnolls (D:3)
  2 shadow imps
  An adder skeleton (D:5)
  An adder zombie (D:7)
  6 worms
  A dart slug (D:2)
  2 leopard geckos
  17 orcs
  5 bats
  2 giant cockroaches
  5 hobgoblins
  4 quokkas
  8 frilled lizards
  A jackal skeleton (D:6)
  6 kobolds
  9 rats
112 creatures vanquished.

Notes
Turn   | Place    | Note
-------+----------+-------------------------------------------
     0 | D:1      | Gazerockf the Human Fighter began the quest for the Orb.
     0 | D:1      | Reached XP level 1. HP: 18/18 MP: 1/1
   253 | D:1      | Reached XP level 2. HP: 24/24 MP: 2/2
   662 | D:2      | Reached skill level 1 in Stealth
   696 | D:2      | Reached XP level 3. HP: 4/29 MP: 3/3
  1052 | D:2      | Reached XP level 4. HP: 27/35 MP: 4/4
  1596 | D:3      | Found a radiant altar of Vehumet.
  1662 | D:3      | Reached XP level 5. HP: 6/42 MP: 5/5
  2073 | D:3      | Reached skill level 4 in Fighting
  2317 | D:3      | Reached XP level 6. HP: 48/49 MP: 6/6
  2345 | D:3      | Found an iron altar of Okawaru.
  2352 | D:3      | Became a worshipper of Warmaster Okawaru
  3094 | D:4      | Found a hide-covered altar of Uskayaw.
  3098 | D:4      | Found a white marble altar of Elyvilon.
  3106 | D:4      | Found an opulent altar of Gozag.
  3230 | D:4      | Reached skill level 5 in Fighting
  3409 | D:4      | Reached XP level 7. HP: 43/56 MP: 7/7
  3758 | D:5      | Entered Level 5 of the Dungeon
  3769 | D:5      | Reached * piety under Okawaru
  3856 | D:5      | Found a basalt altar of Yredelemnul.
  3866 | D:5      | Reached skill level 5 in Shields
  4075 | D:5      | Found Yjeicet's Food Shop.
  4202 | D:5      | Noticed a hungry ghost
  4256 | D:5      | Killed a hungry ghost
  4256 | D:5      | Reached skill level 6 in Fighting
  4256 | D:5      | Reached XP level 8. HP: 57/64 MP: 8/8
  4268 | D:5      | Got a sheer robe
  4269 | D:5      | Identified the +1 robe of Makuo {Str+4 Int+3} (You found it
                  | on level 5 of the Dungeon)
  4318 | D:5      | Got a shadowed robe
  4331 | D:5      | Identified the +1 robe of Dishonour {Str+4} (You found it
                  | on level 5 of the Dungeon)
  4611 | D:6      | Got a slimy scale mail
  4651 | D:6      | Found a shattered altar of Ashenzari.
  4684 | D:6      | Reached ** piety under Okawaru
  4882 | D:6      | Found a deep blue altar of Sif Muna.
  4960 | D:6      | Noticed a moth of wrath
  4963 | D:6      | Found a bloodstained altar of Trog.
  4965 | D:6      | Reached skill level 5 in Long Blades
  4976 | D:6      | Reached skill level 7 in Fighting
  5160 | D:6      | Found Deaqyiq's Weapon Shoppe.
  5355 | D:7      | Noticed Prince Ribbit
  5655 | D:7      | Noticed Menkaure
  5661 | D:7      | Killed Menkaure
  5809 | D:7      | Found a staircase to the Ecumenical Temple.
  5903 | D:7      | Reached XP level 9. HP: 4/73 MP: 9/9
  6694 | D:7      | Identified the cursed +2 spear of Faze {freeze, +Inv Dex+4}
  6694 | D:7      | Paralysed by an orc warrior for 3 turns
  7046 | D:7      | Mangled by Prince Ribbit

Skill      XL: |  1  2  3  4  5  6  7  8 |
---------------+-------------------------+-----
Stealth        | 1 |  1.0
Shields        | 4 5 6 |  6.2
Long Blades    | 3 4 5 |  5.6
Fighting       | 4 5 6 7 |  7.9
Armour         | |  3.0

Action                   |  1- 3 |  4- 6 |  7- 9 || total
-------------------------+-------+-------+-------++-------
Melee: Long sword        |    70 |   212 |   229 ||   511
Evoke: Wand              |       |       |     2 ||     2
  Use: Potion            |       |     2 |     1 ||     3
       Scroll            |       |       |    13 ||    13
  Eat: Chunk             |       |     2 |     6 ||     8
       Ration            |       |     2 |     4 ||     6
Armor: Scale mail        |    34 |    76 |    39 ||   149
       Skin              |       |    20 |       ||    20
       Robe              |       |       |    36 ||    36
Dodge: Dodged            |    29 |    59 |    63 ||   151
Block: Shield            |    33 |   118 |   129 ||   280
       Rpst.: Long sword |     6 |    14 |    23 ||    43
